 Dungeon Sprint DCSS version 0.24-a0-486-ged8816983f (webtiles) character file.

Game seed: 1377832877976163217

39 gruber the Slasher (level 3, 0/20 HPs)
             Began as a Vine Stalker Fighter on July 9, 2019.
             Killed by nerve-wracking pain
             ... invoked by a shadow imp
              (11 damage)
             ... in the Dungeon (Sprint IX: "|||||||||||||||||||||||||||||").
             The game lasted 00:00:37 (65 turns).

gruber the Slasher (Vine Stalker Fighter)             Turns: 65, Time: 00:00:38

Health: 0/20       AC:  6    Str: 19    XL:     3   Next: 47%
Magic:  0/4        EV:  7    Int:  8    God:
Gold:   0          SH:  9    Dex: 13    Spells: 2/2 levels left

rFire    . . .     SeeInvis .   a - +0 long sword
rCold    . . .     Gourm    .   c - +0 shield
rNeg     . . .     Faith    .   b - +0 scale mail
rPois    .         Spirit   +   (no helmet)
rElec    .         Reflect  .   (no cloak)
rCorr    .         Harm     .   (no gloves)
MR       .....     NoTele   +   (no boots)
Stlth    ..........             (no amulet)
HPRegen  0.06/turn              (no ring)
MPRegen  0.09/turn              (no ring)

@: no status effects
A: fangs 2, magic shield, antimagic bite, no potion heal 3, rot immunity
a: no special abilities


You were in the Dungeon.
You were not hungry.

You visited 1 branch

Inventory:

Hand Weapons
 a - a +0 long sword (weapon)
Armour
 b - a +0 scale mail (worn)
 c - a +0 shield (worn)
Scrolls
 k - a scroll of blinking
Potions
 d - a potion of might
 e - a potion of curing
 g - a potion of heal wounds
 h - a potion of haste
 i - 2 potions of magic
 j - a potion of berserk rage
Comestibles
 f - a ration


   Skills:
 - Level 3.0 Fighting
 * Level 5.3 Long Blades
 - Level 2.7 Armour
 - Level 3.6 Shields


You had 2 spell levels left.
You didn't know any spells.
Your spell library was empty.

Dungeon Overview and Level Annotations

Branches:
Dungeon (1/1)

Altars:


Innate Abilities, Weirdness & Mutations

You have extremely sharp teeth.
When hurt, damage is shared between your health and your magic reserves.
Your bite disrupts and absorbs the magic of your enemies.
Potions cannot restore your health.
You are immune to rotting.


Message History

The crimson imp falters for a moment.
The shadow imp shouts, "Return whence thou came, thou venomed half-faced mendicant!"
There is a staircase leading out of the dungeon here.
You slash the crimson imp!
The crimson imp is almost dead.
The crimson imp hits you but does no damage.
You hit the crimson imp.
You kill the crimson imp!
Your Long Blades skill gained 3 levels and is now at level 5!
You have reached level 2!
You have reached level 3!
Your experience leads to an increase in your attributes!
Increase (S)trength, (I)ntelligence, or (D)exterity?
You feel stronger. The shadow imp gestures at you.
Pain shoots through your body! The shadow imp gestures at you.
Pain shoots through your body!
Ouch! That really hurt!
You die... ▓▓▓▓▓▓▓▓▓▓▓▓▓▓▓▓▓▓ ▓@.5SaZ....Z.....+ ▓▓▓▓▓▓▓▓▓▓▓▓▓▓▓▓▓▓

You could see a worker ant, an adder, a shadow imp and a bat zombie.

Vanquished Creatures
  A crimson imp (D)
  A bat (D)
  2 goblins (D)
  2 kobolds (D)
6 creatures vanquished.

Notes
Turn   | Place    | Note
-------+----------+-------------------------------------------
     0 | D        | gruber the Vine Stalker Fighter began the quest for the
                  | Orb.
     0 | D        | Reached XP level 1. HP: 11/11 MP: 2/2
    11 | D        | Reached skill level 2 in Long Blades
    28 | D        | Noticed a crimson imp
    28 | D        | Noticed a worker ant
    65 | D        | Killed a crimson imp
    65 | D        | Reached skill level 5 in Long Blades
    65 | D        | Reached XP level 2. HP: 16/16 MP: 3/3
    65 | D        | Reached XP level 3. HP: 20/20 MP: 4/4
    65 | D        | Killed from afar by a shadow imp

Levels and vault maps discovered:
D:        linesprint [early_d, line_temple, items_1, d_10, items_2, lair_1,
          lair_end, items_3, orc_1, orc_end, items_4, d_15, swamp_1, shoals_1,
          snake_1, spider_1, d_20, vaults_1, items_5, swamp_end, shoals_end,
          snake_end, spider_end, vaults_end, d_27, items_6, zot_1, zot_end,
          crypt_end, forest_end, elf_end, slime_end, tomb_end, abyss_end,
          pan_hell_end]

Skill      XL: |  1 |
---------------+----+-----
Shields        | 3 |  3.6
Long Blades    | 5 |  5.3
Fighting       | 3 |  3.0
Armour         | |  2.7

Action                   || total
-------------------------++-------
Melee: Long sword        ||    42
       Bite              ||    10
Armor: Scale mail        ||    23
Dodge: Dodged            ||    11
Block: Shield            ||    21
       Rpst.: Long sword ||     4

Table legend:
 A = Non-vault XP
 B = Vault XP
 C = Vault XP percentage of total XP
 D = Non-vault monster count
 E = Vault monster count
 F = Vault count percentage of total count
                 A         B        C        D         E       F
            +---------+---------+-------+---------+---------+-------
      Total |       0 |      57 | 100.0 |       0 |       6 | 100.0
            +---------+---------+-------+---------+---------+-------
          D |       0 |      57 | 100.0 |       0 |       6 | 100.0
            +---------+---------+-------+---------+---------+-------
